 Dungeon Crawl Stone Soup version 0.28-a0-863-g8cecda6153 (webtiles) character file.

Game seed: 16513871516053214661

84 browni3141 the Sneak (level 4, -4/35 HPs)
             Began as a Djinni Delver on Nov 19, 2021.
             Slain by Robin (6 damage)
             ... on level 2 of the Dungeon.
             The game lasted 00:05:13 (2567 turns).

browni3141 the Sneak (Djinni Delver)                Turns: 2567, Time: 00:05:14

Health: -4/35      AC:  3    Str: 12    XL:     4   Next: 72%
Gold:   70         EV: 12    Int: 11    God:
                   SH:  0    Dex: 15

rFire   + + +      SeeInvis .   a - +0 falchion
rCold   x x .      Faith    .   (no shield)
rNeg    . . .      Spirit   .   b - +0 leather armour
rPois   ∞          Reflect  .   (no helmet)
rElec   .          Harm     .   (no cloak)
rCorr   .          Rampage  .   (no gloves)
Will    .....                   (boots unavailable)
Stlth   ++........              (no amulet)
HPRegen 0.11/turn               i - ring of fire
MPRegen 0.00/turn               (no ring)

@: flying
A: sickness immunity, fire resistance 2, cold vulnerability 1, float, innate
caster, hp casting, extra vitality 1
a: no special abilities


You were on level 2 of the Dungeon.
You visited 1 branch of the dungeon, and saw 5 of its levels.
You also visited: Ossuary.

You collected 70 gold pieces.

Inventory:

Hand Weapons
 a - a +0 falchion (weapon)
Missiles
 m - 107 stones (quivered)
 o - 28 poisoned darts
Armour
 b - a +0 leather armour (worn)
Magical Staves
 l - a staff of death
Jewellery
 i - a ring of fire (left hand)
Wands
 g - a wand of digging (3)
Scrolls
 c - a scroll of fog
 d - a scroll of magic mapping
 h - 2 scrolls of enchant weapon {unknown}
 k - a scroll of amnesia {unknown}
 n - a scroll of identify {unknown}
Potions
 e - a potion of heal wounds {unknown}
 f - 2 potions of haste
 j - a potion of magic {unknown}
 p - a potion of lignification {unknown}
 q - a potion of resistance {unknown}
 r - 3 potions of curing {unknown}


   Skills:
 - Level 3.0 Fighting
 * Level 4.0 Long Blades
 - Level 2.1 Dodging
 - Level 4.1 Stealth
 * Level 0.3 Spellcasting


You had 2 spell levels left.
You knew the following spells:

 Your Spells              Type           Power      Damage    Failure   Level
a - Sandblast             Erth           0%         2d4       36%         1
Your spell library was empty.

Dungeon Overview and Level Annotations

Branches:
Dungeon (5/15)            Ossuary (visited)
 Temple: D:4-7

Altars:

Annotations:
D:2 Robin
D:4 Dowan, Duvessa


Innate Abilities, Weirdness & Mutations

You are immune to sickness and miasma.
You are immune to poison.
Your flesh is very heat resistant. (rF++)
You are vulnerable to cold. (rC-)
You float through the air rather than walking.
You learn spells naturally, not from books.
Your magical power is your life essence.
You have superior vitality. (+4 HP)


Message History

The hobgoblin is moderately wounded.
Robin barely misses you.
The hobgoblin hits you but does no damage.
Robin hits you from afar with a +0 spear.
You closely miss the hobgoblin.
The hobgoblin is moderately wounded.
Robin barely misses you. The hobgoblin barely misses you.
Robin hits you but does no damage.
You barely miss the hobgoblin.
The hobgoblin is moderately wounded.
The hobgoblin closely misses you. Robin closely misses you.
You closely miss the hobgoblin.
The hobgoblin is moderately wounded.
Robin closely misses you. The hobgoblin barely misses you.
Robin barely misses you. The hobgoblin closely misses you.
Robin completely misses you.
Robin hits you from afar with a +0 spear.
You hit the hobgoblin.
The hobgoblin is heavily wounded.
Robin's bangles clink loudly.
Robin hits you from afar with a +0 spear. x2
The hobgoblin barely misses you.
You slash the hobgoblin!
You kill the hobgoblin!
Robin barely misses you.
Robin hits you from afar with a +0 spear.
* * * LOW HITPOINT WARNING * * *
Robin says, "My goblins will feast on your bones."
Robin hits you from afar with a +0 spear.
* * * LOW HITPOINT WARNING * * *
You see here a +0 leather armour.
Robin hits you but does no damage.
Robin hits you from afar with a +0 spear.
* * * LOW HITPOINT WARNING * * *
Robin hits you from afar with a +0 spear.
* * * LOW HITPOINT WARNING * * *
Robin hits you from afar with a +0 spear.
* * * LOW HITPOINT WARNING * * *
Robin hits you from afar with a +0 spear.
You die...

### ..## ###########
...## #.........#
....####[#######g#
..)......# #.#
..).###### #@# ...##
####.### ..##
#......#
..###########.##.#.#
#.##.......##.##.#.#
..##.......##.#..#.#
..##.......##.#.##.#
#..<.......##......#
..##.......####.####


You could see Robin (fast).

Vanquished Creatures
  A hound skeleton (D:4)
  3 adders
  2 dart slugs
  2 endoplasms
  2 giant cockroaches (D:2)
  7 goblins
  5 hobgoblins
  3 jackals (D:2)
  2 quokkas
  A ball python (D:1)
  2 bats (D:1)
  A frilled lizard (D:1)
  A goblin zombie (D:5)
  A kobold zombie (D:5)
  3 rats
36 creatures vanquished.

Vanquished Creatures (others)
  A plant (D:1)
1 creature vanquished.

Grand Total: 37 creatures vanquished

Notes
Turn   | Place    | Note
-------+----------+-------------------------------------------
     0 | D:5      | browni3141 the Djinni Delver began the quest for the Orb.
     0 | D:5      | Reached XP level 1. HP: 20/20 MP: 0/0
     4 | D:5      | Found a sand-covered staircase.
    43 | D:5      | Noticed a sky beast
    65 | Ossuary  | Entered an ossuary
   146 | D:5      | Noticed an iguana
   148 | D:5      | Noticed a water moccasin
   150 | D:5      | Noticed an ogre
   182 | D:4      | Noticed a jelly
   423 | D:4      | Reached XP level 2. HP: 20/25 MP: 0/0
   543 | D:4      | Reached XP level 3. HP: 19/30 MP: 0/0
   543 | D:4      | Learned a level 1 spell: Sandblast
   663 | D:4      | Noticed Duvessa
   663 | D:4      | Noticed Dowan
  1092 | D:2      | Noticed Robin
  1234 | D:3      | Reached XP level 4. HP: 20/35 MP: 0/0
  2220 | D:1      | Found a faded altar of an unknown god.
  2565 | D:2      | HP: 1/35 [Robin (4)]
  2567 | D:2      | Slain by Robin

Illustrated notes

Levels and vault maps discovered:
D:1:      giann_forest_graveyard, layout_basic,
          shapermc_ecumenical_altar_mp_ritualfount, minmay_tromino_v4_b
D:2:      layout_loops_cross, chequers_serial_rivers_small_a, minmay_liquid_box,
          hangedman_decor_clover_reticule, amcnicky_mini_corridor_feature,
          uniq_robin
D:3:      layout_loops_ring, serial_shops, nicolae_shop_bloodbath_and_beyond,
          shop, nicolae_shop_advertising_works [nicolae_subvault_shop_adworks],
          minmay_cut_off
D:4:      layout_basic, mainiacjoe_overflow_alcove_4, uniq_duvessa
D:5:      layout_rooms, mainiacjoe_overflow_catch_the_wave, enter_ossuary_3,
          serial_glass, glass_columns_a, glass_columns_a, uniq_edmund

Skill      XL: |  1  2  3  4 |
---------------+-------------+-----
Long Blades    | 2 3 4 |  4.0
Fighting       | |  3.0
Dodging        | |  2.1
Stealth        | |  4.1
Spellcasting   | |  0.3

Action                   |  1- 3 |  4- 6 || total
-------------------------+-------+-------++-------
Melee: Falchion          |    69 |    74 ||   143
  Use: Scroll            |     1 |       ||     1
 Stab: Sleeping          |     3 |       ||     3
Armor: Leather armour    |    25 |    15 ||    40
Dodge: Dodged            |    38 |    68 ||   106

Table legend: (Time is in decaauts)
 A = Elapsed time spent in this place.
 B = Non-inter-level travel time spent in this place.
 C = Inter-level travel time spent in this place.
 D = Time resting spent in this place.
 E = Time spent auto-exploring this place.
 F = Levels seen in this place.
 G = Mean time per level.
                   A        B        C        D        E       F      G
               +--------+--------+--------+--------+--------+-----+--------+
         Total |   2586 |   2551 |     35 |    741 |   1197 |   6 |  431.0 |
       Dungeon |   2512 |   2477 |     35 |    703 |   1197 |   5 |  502.4 |
       Ossuary |     73 |     73 |      0 |     38 |      0 |   1 |   73.0 |
               +--------+--------+--------+--------+--------+-----+--------+

Top non-repeatable levels by time:
     D:1: 1004 daAuts
     D:4: 569 daAuts
     D:2: 545 daAuts
     D:3: 281 daAuts
     D:5: 111 daAuts
 Ossuary: 73 daAuts
